 Dungeon Crawl Stone Soup version 0.25-a0-861-g340c9e8194 (webtiles) character file.

Game seed: 10655594789021340722, levelgen mode: deterministic

614511 toffzen the Slayer (level 27, 0/403 HPs)
             Began as a Hill Orc Berserker on Apr 27, 2020.
             Was the Champion of Trog.
             Splashed by an acid blob's acid (3 damage)
             ... summoned by an orange crystal statue
             ... on level 4 of a ziggurat on Apr 29, 2020.
             The game lasted 03:32:09 (88311 turns).

toffzen the Slayer (Hill Orc Berserker)            Turns: 88311, Time: 03:32:10

Health: 0/403      AC: 14    Str: 28 (30) XL:     27
Magic:  2/28       EV: 20    Int: -4 (5)  God:    Trog [******]
Gold:   5253       SH:  0    Dex: 15 (18) Spells: 26/26 levels left

rFire    + + .     SeeInvis .   q - +9 battleaxe (vamp)
rCold    + . .     Gourm    +   (shield currently unavailable)
rNeg     + + .     Faith    .   Z - +6 plate armour "Vidgh" {+Inv MR+ Str+2 Dex-3}
rPois    .         Spirit   .   t - +0 helmet of Gehenna {rN+ Str+3 Int-2 Dex+3}
rElec    .         Reflect  .   X - scarf {rC+ rF+}
rCorr    .         Harm     .   A - +0 pair of gloves
MR       ++++.     Rnd*Rage +   r - +2 pair of boots {Stlth+}
Stlth    ..........             w - amulet "Ketryuff" {Gourm MR+}
HPRegen  0.00/turn              m - ring of protection from fire
MPRegen  0.21/turn              L - ring of positive energy

@: berserking (expiring), corroded, slowed, lost intelligence
A: berserk 2, inhibited regeneration
}: 3/15 runes: barnacled, silver, gossamer
a: Berserk, Trog's Hand, Brothers in Arms, Renounce Religion, Evoke Invisibility


You were on level 4 of a ziggurat.
You worshipped Trog.
Trog was exalted by your worship.
You were not hungry.

You visited 9 branches of the dungeon, and saw 47 of its levels.
You visited the Abyss 1 time.
You visited 1 ziggurat, and saw 4 of its levels.
You also visited: Wizlab.

You collected 8887 gold pieces.
You spent 3634 gold pieces at shops.

Inventory:

Hand Weapons
 a - a +9 executioner's axe of draining
 b - a +4 antimagic battleaxe
 f - the +26 sword of Power
   (You found it on level 4 of the Shoals)
 q - a +9 vampiric battleaxe (weapon)
 W - the +11 plutonium sword {*Contam Stlth-}
   (Trog gifted it to you on level 3 of the Crypt)

   It causes magical contamination when unequipped.
   It makes you less stealthy.
Missiles
 d - 1456 stones (quivered)
 n - 7 throwing nets
Armour
 r - a +2 pair of boots of stealth (worn)
 t - the +0 helmet of Gehenna (worn) {rN+ Str+3 Int-2 Dex+3}
   (You found it on level 4 of the Depths)

   It affects your strength (+3).
   It affects your intelligence (-2).
   It affects your dexterity (+3).
   It protects you from negative energy.
 A - a +0 pair of gloves (worn)
 C - the +6 faerie dragon scales {MR+ rCorr Str+5}
   (You took it off the Enchantress on level 1 of the Depths)

   It affects your strength (+5).
   It affects your resistance to hostile enchantments.
   It provides partial protection from all sources of acid and corrosion.
 I - the +2 cloak of the Thief {+Fog Slay-2 SInv Stlth+}
   (You found it in a wizard's laboratory)

   It affects your accuracy and damage with ranged weapons and melee attacks
   (-2).
   It lets you see invisible.
   It makes you more stealthy.
 X - a scarf of resistance (worn)
 Z - the +6 plate armour "Vidgh" (worn) {+Inv MR+ Str+2 Dex-3}
   (You took it off a deep elf high priest on level 3 of the Elven Halls)

   It affects your strength (+2).
   It affects your dexterity (-3).
   It affects your resistance to hostile enchantments.
   It lets you turn invisible.
Jewellery
 e - a +2 amulet of reflection
 k - the amulet "Pytawiun" {Acrobat rC+ SInv}
   (You found it on level 3 of the Elven Halls)

   [amulet of the acrobat]

   It helps you evade while moving and waiting.
   It protects you from cold.
   It lets you see invisible.
 m - a ring of protection from fire (left hand)
 w - the amulet "Ketryuff" (around neck) {Gourm MR+}
   (You took it off a deep elf mage on level 3 of the Elven Halls)

   [amulet of the gourmand]

   It allows you to eat raw meat even when not hungry.
   It affects your resistance to hostile enchantments.
 z - an uncursed ring of poison resistance
 L - a ring of positive energy (right hand)
 R - an uncursed ring of see invisible
 S - an uncursed amulet of guardian spirit
 V - an uncursed ring of resist corrosion
Wands
 i - a wand of acid (24)
 y - a wand of digging (18)
 E - a wand of flame (106)
 K - a wand of iceblast (24)
Scrolls
 g - 18 scrolls of enchant armour
 h - 9 scrolls of blinking
 j - 19 scrolls of teleportation
 l - 26 scrolls of remove curse
 p - 16 scrolls of fog
 u - a scroll of identify
 v - 11 scrolls of fear
 H - 3 scrolls of summoning
 Q - 3 scrolls of magic mapping
 T - a scroll of holy word
 Y - 2 scrolls of silence
Potions
 o - 3 potions of mutation
 s - 12 potions of lignification
 x - 18 potions of curing
 B - 13 potions of might
 D - 3 potions of cancellation
 F - 2 potions of resistance
 G - 11 potions of haste
 J - a potion of brilliance
 M - 3 potions of berserk rage
 N - 3 potions of invisibility
 P - 7 potions of heal wounds
 U - 6 potions of flight
Miscellaneous
 O - a lightning rod (4/4)
Comestibles
 c - 51 rations


   Skills:
 - Level 26.2 Fighting
 + Level 22.5 Long Blades
 - Level 21.6 Axes
 - Level 22.7 Armour
 - Level 18.5 Dodging
   Level 10.4 Shields
 - Level 7.0 Evocations


You had 26 spell levels left.
You didn't know any spells.
Your spell library was empty.

Dungeon Overview and Level Annotations

Branches:
Dungeon (15/15)            Temple (0/1) D:4            Lair (6/6) D:10
 Shoals (4/4) Lair:4       Spider (4/4) Lair:4        Slime (0/5) Lair:5
    Orc (2/2) D:10            Elf (3/3) Orc:2        Vaults (5/5) D:14
  Crypt (3/3) Vaults:3       Tomb (0/3) Crypt:3      Depths (5/5) D:15
    Zot (0/5) Depths:5     WizLab (visited)

Altars:
Ashenzari
Cheibriados
Dithmenos
Hepliaklqana
Kikubaaqudgha
Makhleb
Okawaru
Qazlal
Ru
Trog
Vehumet
Wu Jian
Yredelemnul
Zin
Beogh
Jiyva
Lugonu

Shops:
D:4 =   Orc:2 }}[?   Elf:3 *   Vaults:4 *   Vaults:5 ?!!!%!?%   Depths:1 *

Portals:
Hell: Depths:1 Depths:2 Depths:3 Depths:4 Depths:5
Abyss: Spider:1 Depths:1 Depths:4
Pandemonium: Depths:3 Depths:4

Annotations:
Lair:5 1 runed translucent door
Depths:3 exclusion: door
Zig:4 exclusion: 2 orange crystal statues


Innate Abilities, Weirdness & Mutations

You often lose your temper in combat.
You do not regenerate when monsters are visible.


Message History

You hit the acid blob.
Your hands burn!
* * * LOW HITPOINT WARNING * * *
The acid blob spits acid at you. The splash of acid misses you.
You hit the orange crystal statue but do no damage.
The orange crystal statue is heavily damaged.
You hit the acid blob.
Your hands burn!
* * * LOW HITPOINT WARNING * * *
The acid blob spits acid at you. The splash of acid hits you!
* * * LOW HITPOINT WARNING * * *
You are splashed with acid!
* * * LOW HITPOINT WARNING * * *
The orange crystal statue glitters.
The orange crystal statue fixes its piercing gaze on you.
Something tries to feed on your intellect!
You hit the orange crystal statue but do no damage.
The orange crystal statue is heavily damaged.
You slash the acid blob! The acid corrodes you!
Your hands burn!
You die...

▓▓▓▓▓▓▓▓▓
▓▓▓.......▓▓▓
▓...........▓
▓?).8.......▓
▓∩?..@J.....▓
▓>$........∩▓
▓∩?.........▓
▓...8.G.....▓
▓...........▓
▓▓▓..G....▓▓▓
▓▓▓▓▓▓▓▓▓


You could see an acid blob, 2 orange crystal statues, a shining eye and an eye
of devastation.

Vanquished Creatures
  2 ancient liches
  2 juggernauts (Depths:2)
  A Killer Klown (Zig:3)
  Boris (Vaults:5)
  Saint Roka (Crypt:2)
  Frederick (Vaults:1)
  Margery (Depths:4)
  4 caustic shrikes (Depths:4)
  Jory (Crypt:3)
  4 bone dragons
  the Enchantress (Depths:1)
  10 liches
  8 tentacled monstrosities
  Jorgrun (D:15)
  Rupert (D:14)
  2 deep elf master archers
  The ghost of Thantalas the Thaumaturge, an adept DsIE of Vehumet (Elf:1)
  A deep elf blademaster (Elf:2)
  2 titans
  An eldritch tentacle (WizLab)
  6 ancient champions
  2 tentacled starspawn
  A kraken (Shoals:2)
  6 sphinxes
  Agnes (Vaults:1)
  The ghost of Lihy the Peltast, an adept MiFi of the Shining One (Spider:1)
  7 storm dragons
  9 tengu reavers
  11 shadow dragons
  Donald (Elf:1)
  A revenant (Crypt:2)
  3 azure jellies (Zig:4)
  Ilsuiw (Shoals:2)
  An iron dragon (Depths:4)
  A draconian monk (Depths:5)
  An orc warlord (Elf:1)
  11 fire giants
  8 frost giants
  A draconian knight (Vaults:1)
  4 deep elf sorcerers
  A frost giant (shapeshifter) (Vaults:5)
  14 vault wardens
  5 emperor scorpions
  A juggernaut zombie (Crypt:3)
  Louise (Elf:1)
  18 ghouls
  A cacodemon (Spider:1)
  Aizul (Elf:1)
  5 deep elf elementalists
  5 curse skulls
  5 ghost moths
  19 ironheart preservers
  16 very ugly things
  2 draconian annihilators
  6 spriggan defenders
  2 black draconians
  3 entropy weavers
  19 stone giants
  A reaper (Depths:4)
  17 vampire knights
  A green draconian (Zig:2)
  3 yellow draconians
  13 deep elf annihilators
  The ghost of tilp the Quickloader, a journeyman KoAM of Okawaru (Lair:6)
  Azrael (D:15)
  A white draconian (Depths:5)
  2 purple draconians (Depths:5)
  7 deep elf demonologists (Elf:3)
  A minotaur (Elf:1)
  A red draconian (Depths:5)
  A spark wasp (Spider:2)
  4 eidola
  15 deep elf death magi
  9 ettins
  8 jiangshi
  7 merfolk javelineers
  A green death (Abyss:2)
  9 merfolk impalers
  16 yaktaur captains
  Fannar (D:10)
  8 deep elf high priests
  8 fire dragons
  7 hydras
  4 rakshasas
  4 great orbs of eyes
  A hell beast (Depths:3)
  32 vault guards
  A servant of whispers (Vaults:3)
  9 ice dragons
  A monstrous demonspawn (Depths:4)
  7 spriggan air magi
  12 merfolk aquamancers
  14 centaur warriors
  5 merfolk avatars
  A catoblepas (Lair:4)
  3 death knights
  Erica (Orc:1)
  22 ogre magi
  26 dancing weapons
  An alligator (shapeshifter) (Zig:3)
  A satyr (Shoals:2)
  44 two-headed ogres
  The ghost of bmj180 the Conjurer, a novice DrCj of Vehumet (D:7)
  9 deep troll shamans
  4 death yaks
  2 tengu warriors
  A hell hog (Spider:1)
  4 vampire magi
  5 deep troll earth magi
  2 sun demons
  2 thrashing horrors
  31 deep elf knights
  2 wretched stars (Abyss:2)
  13 spriggan berserkers
  3 soul eaters
  7 iron trolls
  Nergalle (D:10)
  61 skeletal warriors
  A storm dragon skeleton (Crypt:2)
  13 sea snakes
  2 titan skeletons (Crypt:3)
  A large abomination (Elf:3)
  4 shadow wraiths
  32 hell knights
  23 deep trolls
  5 flayed ghosts
  A golden dragon zombie (Crypt:3)
  4 unseen horrors
  10 glowing orange brains
  2 obsidian statues
  An iron giant skeleton (Crypt:1)
  9 wizards
  9 phantasmal warriors
  A golden dragon skeleton (Crypt:3)
  An infernal demonspawn (Depths:3)
  76 deep elf magi
  18 orb spiders
  A fire giant zombie (Depths:2)
  22 deep elf archers
  24 harpies
  A stone giant zombie (Vaults:4)
  7 orc knights
  12 necromancers
  8 orc sorcerers
  2 tengu skeletons (Depths:2)
  12 ironbrand convokers
  An anaconda skeleton (Crypt:1)
  A mana viper (shapeshifter) (Vaults:5)
  17 cyclopes
  32 ugly things
  7 fauns
  20 manticores
  2 worldbinders (WizLab)
  A stone giant skeleton (Crypt:3)
  9 elephants
  4 centaur zombies
  31 wolf spiders
  2 iron dragon skeletons (Crypt:1)
  A sphinx skeleton (Depths:2)
  3 moths of wrath
  6 water nymphs
  3 fire giant skeletons
  12 merfolk sirens
  2 apocalypse crabs
  5 black mambas
  3 eyes of devastation (Depths:3)
  A gargoyle (D:14)
  2 torpor snails
  A titan simulacrum (Crypt:3)
  Maurice (D:9)
  15 vault sentinels
  An eye of devastation (shapeshifter) (Vaults:3)
  2 human zombies
  4 rime drakes
  2 ice devils
  3 dire elephant skeletons (Crypt:3)
  15 spiny frogs
  11 demonic crawlers
  A demonspawn skeleton (WizLab)
  A kobold demonologist (D:14)
  2 hellwings
  A red devil (Depths:3)
  4 tengu conjurers
  9 komodo dragons
  40 yaktaurs
  A minotaur skeleton (Crypt:3)
  11 freezing wraiths
  29 merfolk
  A queen bee (shapeshifter) (Vaults:2)
  A spriggan skeleton (WizLab)
  3 trolls
  3 hydra zombies (Crypt:1)
  A tyrant leech (shapeshifter) (Vaults:5)
  A red draconian skeleton (Crypt:1)
  4 wind drakes
  An iron troll skeleton (Crypt:1)
  A white draconian skeleton (Crypt:3)
  2 queen bees (Lair:4)
  12 meliai
  36 jumping spiders
  20 hornets
  4 polar bears
  3 bog bodies
  18 blink frogs
  9 dream sheep
  3 hydra skeletons
  2 raiju (Spider:1)
  A deep troll zombie (Zig:1)
  An ettin zombie (Depths:2)
  24 slime creatures
  13 hippogriffs
  A meliai zombie (D:13)
  3 saltlings (Vaults:3)
  3 harpy skeletons (Crypt:3)
  A sphinx simulacrum (Vaults:2)
  3 fire dragon zombies
  A dream sheep (shapeshifter) (Vaults:4)
  5 snapping turtles
  A frost giant simulacrum (Vaults:4)
  A blink frog (shapeshifter) (Vaults:3)
  A hippogriff (shapeshifter) (Vaults:3)
  15 flying skulls
  38 tarantellas
  9 spriggans
  2 vampires
  11 wraiths
  5 air elementals
  2 fire dragon skeletons (Crypt:3)
  2 shadows
  An ice dragon skeleton (Crypt:3)
  66 redbacks
  An alligator skeleton (Crypt:1)
  5 wyverns
  2 ettin skeletons (Crypt:3)
  14 water elementals
  4 yaks (shapeshifter)
  A black mamba skeleton (Crypt:1)
  5 fire elementals
  51 yaks
  5 basilisks
  A basilisk (shapeshifter) (Elf:1)
  3 golden eyes (Depths:3)
  3 hungry ghosts
  2 steam dragons
  A neqoxec (Depths:4)
  A chaos spawn (Zig:3)
  A wind drake skeleton (Crypt:3)
  7 vampire mosquitoes (D:15)
  4 spatial vortices (WizLab)
  A faun zombie (Crypt:1)
  3 insubstantial wisps (WizLab)
  A merfolk zombie (Crypt:2)
  6 wargs
  A harpy simulacrum (Crypt:3)
  3 acid dragons
  A monstrous demonspawn zombie (Crypt:2)
  An infernal demonspawn skeleton (WizLab)
  A faun skeleton (Crypt:3)
  8 porcupines
  5 hell hounds (D:15)
  8 ice beasts
  2 floating eyes (Depths:3)
  22 orc warriors
  15 water moccasins
  A monstrous demonspawn skeleton (WizLab)
  2 orc zombies
  2 sky beasts (D:5)
  A lindwurm zombie (Crypt:1)
  3 phantoms
  A swamp dragon zombie (Crypt:3)
  A dream sheep zombie (Crypt:1)
  3 eyes of draining
  6 necrophages
  22 boggarts
  33 ogres
  A boggart (shapeshifter) (D:15)
  A manticore zombie (Crypt:3)
  An ogre (shapeshifter) (D:15)
  A wolf (Vaults:2)
  24 centaurs
  2 manticore skeletons (Crypt:3)
  A rime drake zombie (Crypt:2)
  14 crocodiles
  2 big kobolds
  6 earth elementals
  15 bullfrogs
  2 glowing shapeshifter simulacra
  A gnoll sergeant (D:7)
  2 human skeletons (Vaults:1)
  2 wyvern zombies
  3 wyvern skeletons
  4 small abominations
  6 scorpions
  63 killer bees
  A raiju skeleton (WizLab)
  A troll zombie (Crypt:3)
  2 human simulacra
  An orc simulacrum (Vaults:2)
  4 howler monkeys
  An electric eel (Spider:4)
  12 crimson imps
  A basilisk zombie (Crypt:3)
  2 jellies
  8 quasits
  A black bear zombie (Crypt:1)
  9 centaur skeletons
  14 orc priests
  3 hounds
  43 orc wizards
  3 bullfrog skeletons
  Jessica (D:3)
  A black bear skeleton (Crypt:2)
  4 hell rats (Lair:4)
  4 iguanas
  8 worker ants
  A killer bee zombie (D:7)
  A demigod zombie (Crypt:2)
  An ogre zombie (Crypt:3)
  An acid dragon skeleton (Crypt:3)
  2 hound skeletons
  5 adders
  A swamp drake skeleton (Crypt:3)
  2 shadow imps
  A steam dragon skeleton (Crypt:3)
  18 white imps
  An ufetubus (Depths:3)
  2 oozes (D:2)
  A halfling zombie (Crypt:2)
  A lava snake zombie (Crypt:2)
  3 worms
  A dart slug (D:3)
  4 leopard geckos
  89 orcs
  2 giant cockroaches
  6 goblins
  8 hobgoblins
  15 jackals
  6 quokkas
  A ball python (D:4)
  5 bats (D:2)
  9 frilled lizards
  A goblin skeleton (Crypt:3)
  A jackal skeleton (D:5)
  7 kobolds
  2 kobold skeletons (Crypt:3)
  A leopard gecko skeleton (D:6)
  4 quokka zombies
  5 rats
  3 crawling corpses
  9 fungi
  5 plants
  A starspawn tentacle (Abyss:2)
  3 tentacles (Shoals:2)
2451 creatures vanquished.

Vanquished Creatures (collateral kills)
  Sojobo (Vaults:1)
  2 deep elf blademasters (Elf:3)
  A tengu reaver (Vaults:5)
  A vault warden (Vaults:5)
  2 spriggan defenders (Depths:1)
  An ettin (Vaults:5)
  A deep elf mage (Vaults:5)
  2 vault sentinels (Vaults:5)
  An ice statue (Zig:4)
12 creatures vanquished.

Vanquished Creatures (others)
  A deep elf master archer (Elf:3)
  A centaur warrior (Depths:1)
  A deep troll shaman (Depths:4)
  A sea snake (Shoals:4)
  A yaktaur (Depths:5)
  A water elemental (Elf:1)
  A redback (Spider:4)
  A spatial vortex (WizLab)
  A centaur (Shoals:4)
  A wolf (Lair:4)
  3 orc wizards
  An orc (Orc:2)
  2 bushes (Depths:2)
  A crawling corpse (Vaults:5)
  7 fungi
  A lurking horror (Spider:1)
  30 plants
  3 starspawn tentacles
  4 tentacles (Shoals:2)
  2 withered plants (Lair:6)
64 creatures vanquished.

Grand Total: 2527 creatures vanquished

Notes
Turn   | Place    | Note
-------+----------+-------------------------------------------
     0 | D:1      | toffzen the Hill Orc Berserker began the quest for the Orb.
     0 | D:1      | Reached XP level 1. HP: 19/19 MP: 1/1
   295 | D:1      | Reached XP level 2. HP: 26/27 MP: 2/2
   778 | D:2      | Reached XP level 3. HP: 33/33 MP: 3/3
   792 | D:2      | Reached skill level 4 in Fighting
  1254 | D:2      | Found a faded altar of an unknown god.
  1536 | D:2      | Found a stormy altar of Qazlal.
  1556 | D:2      | Reached skill level 5 in Axes
  1601 | D:2      | Reached XP level 4. HP: 40/40 MP: 4/4
  1666 | D:2      | Reached ** piety under Trog
  2117 | D:3      | Noticed Jessica
  2129 | D:3      | Killed Jessica
  2129 | D:3      | Reached XP level 5. HP: 40/47 MP: 5/5
  2972 | D:4      | Found Tun Huirch's Jewellery Emporium.
  3063 | D:4      | Reached *** piety under Trog
  3063 | D:4      | Reached XP level 6. HP: 53/53 MP: 6/6
  3155 | D:4      | Found a staircase to the Ecumenical Temple.
  3249 | D:4      | Found a hazy altar of Hepliaklqana.
  3258 | D:5      | Entered Level 5 of the Dungeon
  3405 | D:5      | Reached skill level 5 in Fighting
  3530 | D:5      | Found a glowing silver altar of Zin.
  3534 | D:5      | Noticed a sky beast
  3578 | D:5      | Killed a sky beast
  3578 | D:5      | Reached XP level 7. HP: 60/61 MP: 7/7
  4519 | D:5      | Found an ornate altar of the Wu Jian Council.
  4842 | D:6      | Reached XP level 8. HP: 68/70 MP: 8/8
  4889 | D:6      | Reached skill level 6 in Fighting
  5058 | D:6      | Reached skill level 5 in Armour
  5325 | D:7      | Reached **** piety under Trog
  5786 | D:7      | Got an ichor-stained ring mail
  5797 | D:7      | Identified the +6 ring mail of Siololelykk {rPois rF+
                  | Int+2} (You found it on level 7 of the Dungeon)
  5806 | D:7      | Found a transporter.
  5811 | D:7      | Found a transporter.
  5811 | D:7      | Noticed a moth of wrath
  5818 | D:7      | Found a bloodstained altar of Trog.
  5832 | D:7      | Noticed bmj180's ghost (novice DrCj)
  5973 | D:7      | Reached skill level 10 in Axes
  5998 | D:7      | Reached XP level 9. HP: 74/78 MP: 9/9
  6068 | D:7      | Reached skill level 7 in Fighting
  6185 | D:7      | Found a shadowy altar of Dithmenos.
  6317 | D:8      | Found a snail-covered altar of Cheibriados.
  6537 | D:8      | Found an iron altar of Okawaru.
  6750 | D:8      | Found a burning altar of Makhleb.
  7368 | D:8      | Reached skill level 5 in Dodging
  7606 | D:9      | Reached skill level 8 in Fighting
  7759 | D:9      | Reached XP level 10. HP: 86/87 MP: 10/10
  7785 | D:9      | Noticed Maurice
  7798 | D:9      | Killed Maurice
  7800 | D:9      | Reached ***** piety under Trog
  7915 | D:9      | Paralysed by a crimson imp for 6 turns
  8378 | D:9      | Found a basalt altar of Yredelemnul.
  8379 | D:9      | Found a sacrificial altar of Ru.
  8379 | D:9      | Found a snail-covered altar of Cheibriados.
  8380 | D:9      | Found a shattered altar of Ashenzari.
  8811 | D:10     | Entered Level 10 of the Dungeon
  8834 | D:10     | Reached skill level 9 in Fighting
  8851 | D:10     | Found a staircase to the Lair.
  9064 | D:10     | Noticed Nergalle
  9075 | D:10     | Killed Nergalle
  9210 | D:10     | Found a staircase to the Orcish Mines.
  9210 | D:10     | Noticed Fannar
  9222 | D:10     | Reached XP level 11. HP: 96/96 MP: 11/11
  9231 | D:10     | Killed Fannar
  9643 | Lair:1   | Entered Level 1 of the Lair of Beasts
 10567 | Lair:2   | Reached skill level 10 in Fighting
 11207 | Lair:3   | You fall into a shaft and drop 3 floors!
 11207 | Lair:6   | Entered Level 6 of the Lair of Beasts
 11565 | Lair:5   | Received a gift from Trog
 11565 | Lair:5   | Reached skill level 15 in Axes
 11780 | Lair:5   | Reached XP level 12. HP: 91/107 MP: 12/12
 11904 | Lair:5   | Found a viscous altar of Jiyva.
 12145 | Lair:4   | Reached skill level 11 in Fighting
 12378 | Lair:3   | Reached skill level 10 in Armour
 13541 | Lair:4   | Noticed an eight-headed hydra
 13552 | Lair:4   | Killed an eight-headed hydra
 13693 | Lair:4   | Found a staircase to the Shoals.
 13757 | Lair:4   | Found a hole to the Spider Nest.
 13813 | Lair:4   | Reached skill level 12 in Fighting
 14052 | Lair:4   | Noticed a death yak
 14064 | Lair:4   | Reached XP level 13. HP: 95/117 MP: 13/13
 14292 | Lair:4   | Identified the +3 falchion "Transmigrator" {venom, +Rage
                  | rF- rC+}
 15234 | Lair:4   | Reached skill level 13 in Fighting
 15868 | Lair:5   | Found a runed translucent door.
 15869 | Lair:5   | Found a staircase to the Slime Pits.
 16600 | Lair:6   | Reached skill level 10 in Dodging
 16619 | Lair:6   | Found a runed translucent door.
 16619 | Lair:6   | Noticed tilp's ghost (journeyman KoAM)
 16649 | Lair:6   | Received a gift from Trog
 16721 | Lair:6   | Reached XP level 14. HP: 129/129 MP: 14/14
 16773 | Lair:6   | Reached skill level 14 in Fighting
 17989 | Lair:6   | Killed tilp's ghost
 18330 | D:11     | Received a gift from Trog
 18571 | D:11     | Found a frozen archway.
 19607 | D:12     | Reached skill level 15 in Fighting
 19871 | D:13     | Reached ****** piety under Trog
 20339 | D:13     | Received a gift from Trog
 20586 | D:13     | Identified the +0 long sword "Noapesap" {antimagic, +Fly
                  | rC+ rN+} (You found it on level 13 of the Dungeon)
 20604 | D:13     | Reached XP level 15. HP: 125/140 MP: 13/15
 21527 | D:14     | Noticed Rupert
 21541 | D:14     | Killed Rupert
 21619 | D:14     | Found a gate to the Vaults.
 22257 | D:15     | Entered Level 15 of the Dungeon
 22840 | D:15     | Received a gift from Trog
 22893 | D:15     | Noticed Jorgrun
 22907 | D:15     | Killed Jorgrun
 22907 | D:15     | Reached skill level 16 in Fighting
 23164 | D:15     | Found a staircase to the Depths.
 23584 | D:15     | Noticed Azrael
 23618 | D:15     | Killed Azrael
 23716 | D:15     | Reached skill level 15 in Armour
 24148 | Orc:1    | Entered Level 1 of the Orcish Mines
 24149 | Orc:1    | Noticed Erica
 24160 | Orc:1    | Killed Erica
 24389 | Orc:2    | Entered Level 2 of the Orcish Mines
 24389 | Orc:2    | Found a staircase to the Elven Halls.
 24604 | Orc:1    | Reached XP level 16. HP: 147/151 MP: 14/16
 25105 | Orc:2    | Received a gift from Trog
 26679 | Orc:2    | Paralysed by an orc sorcerer for 3 turns
 27115 | Orc:2    | Found Roakkikhle's Magic Scroll Shoppe.
 27123 | Orc:2    | Bought a scroll of fog for 22 gold pieces
 27123 | Orc:2    | Bought a scroll of fog for 22 gold pieces
 27134 | Orc:2    | Found Tuagiv's Gadget Emporium.
 27369 | Orc:2    | Found a radiant altar of Vehumet.
 27390 | Orc:2    | Received a gift from Trog
 27391 | Orc:2    | Paralysed by an orc sorcerer for 7 turns
 27410 | Orc:2    | Found an ancient bone altar of Kikubaaqudgha.
 27575 | Orc:2    | Found a roughly hewn altar of Beogh.
 27616 | Orc:2    | Found Suaboeza's Antique Armour Emporium.
 27622 | Orc:2    | Found Atebloig's Gadget Shoppe.
 27647 | Orc:2    | Bought an embroidered scarf for 216 gold pieces
 27867 | Spider:1 | Entered Level 1 of the Spider Nest
 28081 | Spider:1 | Found a transporter.
 28091 | Spider:1 | Noticed Lihy's ghost (adept MiFi)
 28464 | Spider:1 | Found a transporter.
 28582 | Spider:1 | Found a one-way gate to the infinite horrors of the Abyss.
 29349 | Spider:1 | Received a gift from Trog
 29987 | Spider:1 | Noticed a tentacled monstrosity
 30003 | Spider:1 | Found the +27 Lear's hauberk
 30712 | Elf:1    | Entered Level 1 of the Elven Halls
 30921 | Elf:1    | Reached skill level 17 in Fighting
 31033 | Elf:1    | Found a runed translucent gate.
 31033 | Elf:1    | Noticed a deep elf master archer
 31034 | Elf:1    | Found a runed translucent gate.
 31034 | Elf:1    | Found a runed translucent gate.
 31034 | Elf:1    | Noticed Thantalas's ghost (adept DsIE)
 31054 | Elf:1    | Found an iron altar of Okawaru.
 31246 | Elf:1    | Noticed Aizul
 31256 | Elf:1    | Killed Aizul
 32961 | Elf:1    | Noticed Louise
 32976 | Elf:1    | Killed Louise
 32989 | Elf:1    | Noticed Donald
 33663 | Elf:1    | Killed Donald
 33663 | Elf:1    | Reached XP level 17. HP: 132/162 MP: 10/17
 34279 | Elf:2    | Found an ancient bone altar of Kikubaaqudgha.
 34410 | Elf:1    | Received a gift from Trog
 35885 | Elf:2    | Found a runed translucent door.
 35913 | Elf:2    | Found a runed translucent door.
 36654 | Elf:2    | Received a gift from Trog
 36686 | Elf:2    | Noticed a deep elf blademaster
 36696 | Elf:2    | Killed a deep elf blademaster
 36810 | Elf:2    | Reached skill level 18 in Fighting
 38484 | Depths:1 | Entered Level 1 of the Depths
 39057 | D:15     | Reached XP level 18. HP: 60/173 MP: 2/18
 39058 | D:15     | Received a gift from Trog
 42427 | Depths:1 | Found Ygezowawn's Assorted Antiques.
 42441 | Depths:1 | Bought a potion of heal wounds for 120 gold pieces
 42446 | Depths:1 | Noticed the Enchantress
 42471 | Depths:1 | Killed the Enchantress
 42501 | Depths:1 | Cast into level 2 of the Abyss (spriggan berserker)
 42762 | Abyss:3  | Found a corrupted altar of Lugonu.
 42774 | Depths:1 | Escaped the Abyss
 43141 | Depths:1 | Reached skill level 19 in Fighting
 43508 | Depths:1 | Found a gateway to Hell.
 43625 | Depths:1 | Received a gift from Trog
 43634 | Depths:1 | Identified the +11 hand axe of the Imperium {flame, rN+}
                  | (Trog gifted it to you on level 1 of the Depths)
 43728 | Depths:1 | Noticed a lich
 43740 | Depths:1 | Killed a lich
 43839 | Depths:1 | Found a runed translucent door.
 43842 | Depths:1 | Found a radiant altar of Vehumet.
 43842 | Depths:1 | Noticed an ancient lich
 44068 | Depths:2 | Noticed a lich
 44094 | Depths:2 | Killed a lich
 44094 | Depths:2 | Reached XP level 19. HP: 31/183 MP: 3/19
 44100 | Depths:2 | HP: 11/274 [shadow dragon (11)]
 45205 | Depths:2 | Identified the Handbook of Evil Magic
 45976 | Depths:2 | Received a gift from Trog
 46862 | Depths:2 | Noticed a juggernaut
 46871 | Depths:2 | Killed a juggernaut
 47056 | Depths:2 | Noticed a lich
 47058 | Depths:2 | Noticed a lich
 47071 | Depths:2 | Killed a lich
 47075 | Depths:2 | Killed a lich
 47459 | Depths:2 | Noticed a juggernaut
 47478 | Depths:2 | Killed a juggernaut
 47478 | Depths:2 | Reached skill level 20 in Fighting
 48149 | Depths:3 | Upgraded the game from 0.25-a0-860-gf695395b5c to
                  | 0.25-a0-861-g340c9e8194
 48353 | Depths:3 | Reached XP level 20. HP: 193/193 MP: 20/20
 48393 | Depths:3 | Found a one-way gate leading to the halls of Pandemonium.
 48416 | Depths:3 | Reached skill level 15 in Dodging
 49188 | Depths:3 | Received a gift from Trog
 49191 | Depths:3 | Got a bloodstained broad axe {god gift}
 49192 | Depths:3 | Identified the +9 broad axe of Dominance {vorpal, Fragile
                  | rElec Int+7} (Trog gifted it to you on level 3 of the
                  | Depths)
 49656 | Depths:3 | Reached skill level 1 in Shields
 49753 | Depths:3 | Paralysed by a floating eye for 3 turns
 50153 | Depths:3 | Found a gateway to a ziggurat.
 50358 | Depths:3 | Reached skill level 1 in Evocations
 50570 | Depths:3 | Paralysed by a floating eye for 4 turns
 51068 | Depths:4 | Reached skill level 21 in Fighting
 51073 | Depths:4 | Received a gift from Trog
 51392 | Depths:4 | Identified the +0 helmet of Gehenna {rN+ Str+3 Int-2 Dex+3}
                  | (You found it on level 4 of the Depths)
 51501 | Depths:4 | Reached skill level 5 in Evocations
 51896 | Depths:4 | Gained mutation: You tend to lose your temper in combat. [a
                  | neqoxec]
 51897 | Depths:4 | Gained mutation: You often lose your temper in combat. [a
                  | neqoxec]
 52001 | Depths:4 | Found a corrupted altar of Lugonu.
 52797 | Depths:4 | Reached XP level 21. HP: 186/206 MP: 23/26
 52910 | Depths:5 | Entered Level 5 of the Depths
 53043 | Depths:5 | Noticed a caustic shrike
 53047 | Depths:5 | Noticed a caustic shrike
 53047 | Depths:5 | Noticed a caustic shrike
 53052 | Depths:4 | Reached skill level 22 in Fighting
 53177 | Depths:4 | Received a gift from Trog
 53967 | Depths:5 | Noticed a caustic shrike
 54089 | Depths:4 | Killed a caustic shrike
 54175 | Depths:5 | Noticed Margery
 54577 | Depths:4 | Killed a caustic shrike
 54703 | Depths:4 | Reached skill level 5 in Shields
 54705 | Depths:4 | Killed a caustic shrike
 55124 | Depths:4 | Killed Margery
 55286 | Depths:4 | Killed a caustic shrike
 56325 | Depths:5 | Received a gift from Trog
 57178 | Depths:5 | Reached XP level 22. HP: 163/217 MP: 20/27
 57803 | Depths:5 | Identified the cursed +0 chain mail of Yniefas {*Corrode
                  | Str+6 SInv} (You found it on level 5 of the Depths)
 58005 | Depths:5 | Found a gate to the Realm of Zot.
 58018 | Depths:5 | Reached skill level 23 in Fighting
 59271 | Spider:2 | Received a gift from Trog
 60209 | Spider:4 | Entered Level 4 of the Spider Nest
 61197 | Spider:4 | Received a gift from Trog
 62326 | Spider:4 | Got a gossamer rune of Zot
 62613 | Vaults:1 | Entered Level 1 of the Vaults
 62615 | Vaults:1 | Found a magical portal.
 62624 | WizLab   | Found a transporter.
 62631 | WizLab   | Found a corrupted altar of Lugonu.
 62800 | WizLab   | Found a transporter.
 62824 | WizLab   | Found a transporter.
 62854 | WizLab   | Found a transporter.
 62931 | WizLab   | Found a transporter.
 62959 | WizLab   | Found a transporter.
 63025 | WizLab   | Found a transporter.
 63034 | WizLab   | Found a transporter.
 63093 | WizLab   | Found a transporter.
 63106 | WizLab   | Received a gift from Trog
 63120 | WizLab   | Reached skill level 10 in Shields
 63128 | WizLab   | Found a transporter.
 63128 | WizLab   | Found a transporter.
 63152 | WizLab   | Found a corrupted altar of Lugonu.
 63234 | WizLab   | Found a transporter.
 63234 | WizLab   | Found a transporter.
 63370 | WizLab   | Found the +2 cloak of the Thief {+Fog Slay-2 SInv Stlth+}
 63372 | WizLab   | Found a transporter.
 63386 | WizLab   | Identified the cursed +0 cloak of Juecw {+Inv, rPois rF-
                  | rC+++ Regen+} (You found it in a wizard's laboratory)
 63398 | WizLab   | Identified the cursed -4 cloak of the Will of the Gods {rC-
                  | rCorr Str+4 Int+3} (You found it in a wizard's laboratory)
 63409 | WizLab   | Identified the +1 cloak of Supple Strength {rC+ rN++} (You
                  | found it in a wizard's laboratory)
 63436 | WizLab   | Found a transporter.
 63485 | WizLab   | Found a transporter.
 63490 | WizLab   | Reached XP level 23. HP: 227/227 MP: 28/28
 63565 | WizLab   | Found a transporter.
 63565 | WizLab   | Found a transporter.
 63578 | WizLab   | Identified the Guide on Displacement
 63591 | WizLab   | Found a transporter.
 63629 | WizLab   | Found a transporter.
 63649 | WizLab   | Found a corrupted altar of Lugonu.
 63921 | Vaults:1 | Received a gift from Trog
 64404 | Vaults:1 | Noticed Frederick
 64404 | Vaults:1 | Noticed Agnes
 64405 | Vaults:1 | Noticed Sojobo
 64824 | Vaults:1 | Killed Agnes
 65168 | Vaults:1 | Killed Sojobo
 65195 | Vaults:1 | Killed Frederick
 65195 | Vaults:1 | Reached skill level 24 in Fighting
 65713 | Vaults:2 | Received a gift from Trog
 66147 | Vaults:2 | Received a gift from Trog
 66549 | Vaults:2 | Identified the cursed +1 flail "Timecs" {freeze, +Rage
                  | Int+3} (You found it on level 2 of the Vaults)
 66947 | Vaults:3 | Reached XP level 24. HP: 239/239 MP: 28/28
 67509 | Vaults:3 | Found a staircase to the Crypt.
 67551 | Vaults:3 | Received a gift from Trog
 67784 | Vaults:3 | Found a flickering gateway to a bazaar.
 69346 | Vaults:4 | Reached skill level 25 in Fighting
 69378 | Vaults:4 | Received a gift from Trog
 69737 | Vaults:4 | Found Olagil's General Store.
 70107 | Elf:3    | Entered Level 3 of the Elven Halls
 70164 | Elf:3    | Identified the amulet "Pytawiun" {Acrobat rC+ SInv} (You
                  | found it on level 3 of the Elven Halls)
 70650 | Elf:3    | Identified the amulet "Ketryuff" {Gourm MR+}
 71004 | Elf:3    | Identified the +7 morningstar "Ceehenla" {antimagic, Int+4}
 71387 | Elf:3    | Received a gift from Trog
 71514 | Elf:3    | Identified the +6 flail of Latose {flame, rF- rC+ Stlth+}
 71514 | Elf:3    | Identified the +1 flail of Drought {antimagic, *Rage +Blink
                  | +Rage Str+6}
 71570 | Elf:3    | Found Foenopsu's General Store.
 72225 | Elf:3    | Reached XP level 25. HP: 250/250 MP: 28/28
 72265 | Elf:3    | Identified the +6 plate armour "Vidgh" {+Inv MR+ Str+2
                  | Dex-3}
 72319 | Elf:3    | Identified the +1 arbalest of Yreuheluri {venom, rF+} (You
                  | found it on level 3 of the Elven Halls)
 72828 | Shoals:1 | Entered Level 1 of the Shoals
 73186 | Shoals:1 | Received a gift from Trog
 74471 | Shoals:2 | Noticed Ilsuiw
 74504 | Shoals:2 | Killed Ilsuiw
 75367 | Shoals:4 | Entered Level 4 of the Shoals
 75408 | Shoals:4 | Reached skill level 26 in Fighting
 76087 | Shoals:4 | Received a gift from Trog
 76090 | Shoals:4 | Identified the +4 broad axe "Qafet" {flame, Dex+2 SInv}
                  | (Trog gifted it to you on level 4 of the Shoals)
 76099 | Shoals:4 | Found the +0 sword of Power
 76277 | Shoals:4 | Reached skill level 1 in Long Blades
 76304 | Shoals:4 | Got a barnacled rune of Zot
 77421 | Crypt:1  | Entered Level 1 of the Crypt
 77438 | Crypt:1  | Reached skill level 5 in Long Blades
 77952 | Crypt:1  | Identified the cursed ring of Sachi {rC+ Slay-2}
 78284 | Crypt:1  | Received a gift from Trog
 78442 | Crypt:1  | Identified the +7 war axe of Big Damage {speed, *Rage
                  | +Blink rC+} (You found it on level 1 of the Crypt)
 78664 | Crypt:1  | Reached XP level 26. HP: 241/261 MP: 28/28
 79306 | Crypt:2  | Reached skill level 10 in Long Blades
 79679 | Crypt:2  | Noticed Saint Roka
 79697 | Crypt:2  | Killed Saint Roka
 80081 | Crypt:2  | Received a gift from Trog
 80211 | Crypt:2  | HP: 9/261 [something (18)]
 80958 | Crypt:3  | Entered Level 3 of the Crypt
 80958 | Crypt:3  | Found a staircase to the Tomb.
 80997 | Crypt:3  | HP: 18/391 [phantasmal warrior (22)]
 81340 | Crypt:3  | Found a basalt altar of Yredelemnul.
 81400 | Crypt:3  | Received a gift from Trog
 81401 | Crypt:3  | Found the +11 plutonium sword {*Contam Stlth-}
 81880 | Crypt:3  | Noticed Jory
 81890 | Crypt:3  | Killed Jory
 82013 | Crypt:3  | Reached skill level 15 in Long Blades
 82266 | Crypt:3  | Found a basalt altar of Yredelemnul.
 82294 | Crypt:3  | Noticed an ancient lich
 82313 | Crypt:3  | Killed an ancient lich
 82847 | Crypt:3  | Received a gift from Trog
 83256 | Vaults:5 | Entered Level 5 of the Vaults
 83265 | Vaults:5 | Reached XP level 27. HP: 269/269 MP: 28/28
 83373 | Vaults:4 | Received a gift from Trog
 83703 | Vaults:5 | Noticed Boris
 83724 | Vaults:5 | Killed Boris
 83978 | Vaults:5 | Received a gift from Trog
 84417 | Vaults:5 | Found Turhic's Distillery.
 84417 | Vaults:5 | Found Pizuc's Magic Scroll Shoppe.
 84421 | Vaults:5 | Bought a potion of might for 56 gold pieces
 84421 | Vaults:5 | Bought 2 potions of curing for 84 gold pieces
 84421 | Vaults:5 | Bought a potion of curing for 42 gold pieces
 84421 | Vaults:5 | Bought a potion of heal wounds for 70 gold pieces
 84421 | Vaults:5 | Bought a potion of cancellation for 112 gold pieces
 84421 | Vaults:5 | Bought a potion of haste for 140 gold pieces
 84428 | Vaults:5 | Bought a scroll of enchant armour for 142 gold pieces
 84428 | Vaults:5 | Bought a scroll of enchant armour for 142 gold pieces
 84436 | Vaults:5 | Found Iwubroyn's Distillery.
 84436 | Vaults:5 | Found Ostaimnu's Food Emporium.
 84445 | Vaults:5 | Bought a scroll of magic mapping for 66 gold pieces
 84458 | Vaults:5 | Found Akuskeg's Distillery.
 84459 | Vaults:5 | Bought 2 potions of haste for 320 gold pieces
 84459 | Vaults:5 | Bought a potion of might for 64 gold pieces
 84466 | Vaults:5 | Bought a potion of might for 64 gold pieces
 84789 | Vaults:5 | Found Eluho's Food Boutique.
 84797 | Vaults:5 | Found Maeseh's Magic Scroll Emporium.
 84801 | Vaults:5 | Bought a scroll of acquirement for 728 gold pieces
 84801 | Vaults:5 | Identified the +0 plate armour of Wyent {rElec Int-4 Dex+2
                  | Stlth+} (You acquired it on level 5 of the Vaults)
 84804 | Vaults:5 | Found Josar's Distillery.
 84811 | Vaults:5 | Bought a potion of cancellation for 176 gold pieces
 84811 | Vaults:5 | Bought a potion of might for 88 gold pieces
 84811 | Vaults:5 | Bought a potion of heal wounds for 110 gold pieces
 84811 | Vaults:5 | Bought a potion of haste for 220 gold pieces
 85047 | Vaults:5 | Identified the Reference Book on the Voyage
 85181 | Vaults:5 | Identified the +3 plate armour "Tirok" {*Corrode rPois
                  | Dex+3} (You found it on level 5 of the Vaults)
 85318 | Vaults:5 | Received a gift from Trog
 85460 | Vaults:5 | Got a silver rune of Zot
 85960 | D:4      | Bought an uncursed ring of protection from fire for 350
                  | gold pieces
 85964 | D:4      | Bought an uncursed ring of poison resistance for 280 gold
                  | pieces
 86087 | D:7      | Killed bmj180's ghost
 86589 | Spider:1 | Killed Lihy's ghost
 86851 | Elf:1    | Killed Thantalas's ghost
 87062 | Elf:1    | Identified the +8 quick blade of Slow Death {vorpal, Dex+2}
                  | (You found it on level 1 of the Elven Halls)
 87313 | Depths:1 | Killed an ancient lich
 87324 | Depths:1 | Identified the Reference Book on Conjuration
 88014 | Zig:1    | Entered Level 1 of a ziggurat
 88036 | Zig:2    | Entered Level 2 of a ziggurat
 88073 | Zig:3    | Entered Level 3 of a ziggurat
 88227 | Zig:4    | Entered Level 4 of a ziggurat
 88249 | Zig:4    | Lost intelligence.
 88296 | Zig:4    | Gained mutation: You do not regenerate when monsters are
                  | visible. [a shining eye]
 88310 | Zig:4    | HP: 12/403 [acid blob/splash of acid[an orange crystal
                  | statue] (9)]
 88310 | Zig:4    | HP: 3/403 [acid[an orange crystal statue] (9)]
 88311 | Zig:4    | Splashed by an acid blob's acid

Levels and vault maps discovered:
D:1:      ebering_hopf_link, layout_rooms, serial_rivers,
          chequers_serial_rivers_micro_c, chequers_serial_rivers_small_3,
          chequers_serial_rivers_micro_c, chequers_serial_rivers_room_b,
          chequers_serial_rivers_micro_d, chequers_serial_rivers_small_b,
          minmay_tree_intersection, minmay_tripent
D:2:      layout_basic, chequers_ecumenical_altar_grove,
          nicolae_qazlal_general_emergency
D:3:      layout_loops_ring, first_ration, kennysheep_path_1, uniq_jessica
D:4:      layout_basic, kennysheep_mini, temple_green, serial_shops,
          nicolae_shop_behind_doors
D:5:      layout_basic, nicolae_overflow_crystal_walls, marbit_many_paths,
          hangedman_abyss_or_decor_stabs
D:6:      layout_rooms
D:7:      layout_loops_ring, kennysheep_mini_moat,
          gammafunk_ghost_wrathful_warriors
D:8:      layout_basic, bloody_makhleb, lemuel_crystal_altar, basic_altar
D:9:      layout_cave_pods, chequers_temple_overflow_statue_of_worship,
          uniq_maurice
D:10:     layout_cross, david_lair_shrubbed, minmay_orc_entry_guard_dogs,
          uniq_nergalle, uniq_fannar
D:11:     layout_rooms, portal_ice_cave_entry_imps, serial_shops, bzr_firewalk
D:12:     layout_long_grid
D:13:     layout_gridville, enter_bailey_2, the_bakery
D:14:     layout_roguey, skrybe_vaults_entry_preservation,
          kennysheep_small_spiral, uniq_rupert
D:15:     gammafunk_enter_depths_forms, layout_gridville, minmay_misc_feat_tiny,
          uniq_azrael, uniq_jorgrun
Lair:1:   layout_hall_layers
Lair:2:   layout_gridlike
Lair:3:   layout_loops_ring
Lair:4:   regret_index_combs_of_tragedy, layout_misc_corridors,
          shoals_dummy_entry, spider_nest_entry_a, special_room
          [special_room_bee], beast_lair_carwin_4, lemuel_fruit_fields
Lair:5:   layout_long_grid, slime_altar_2, grunt_megastairs_2,
          lemuel_fruit_fields
Lair:6:   gammafunk_lair_ancient_temple, layout_gridlike, gammafunk_ghost_grave
Shoals:1: layout_shoals, hangedman_shoals_cup_caves
Shoals:2: layout_shoals, uniq_ilsuiw
Shoals:3: layout_shoals
Shoals:4: shoals_end_simple, layout_shoals, nicolae_shoals_aquamancer_cove
Spider:1: layout_chambers, gammafunk_ghost_abyssal_escape
Spider:2: layout_spider_delve
Spider:3: layout_spider_delve
Spider:4: spider_rune_water, drop_trap
Orc:1:    layout_diamond_mine, uniq_erica
Orc:2:    kennysheep_orc_mage_school, layout_caves, guppyfry_library_mini
Elf:1:    eino_elf_arrival_shootout, layout_loops_corners,
          gammafunk_ghost_fury_of_okawaru, minivault_28, uniq_donald,
          uniq_aizul, uniq_louise
Elf:2:    layout_loops_cross, basic_altar
Elf:3:    elf_hall, layout_gridlike, serial_shops, shop
Vaults:1: sword_in_stone, v_misc_27, v_misc_1,
          vaults_standard_mumra_enter_the_diamond,
          hangedman_vaults_stretched_pinwheel, vaults_room_semicircle,
          vaults_mumra_chevron, v_alt_pattern_5,
          nicolae_vaults_yaktaur_gun_rack, layout_vaults_omnigrid,
          mu_enter_wizlab_4
Vaults:2: nicolae_vaults_windows_and_doors_thing, nicolae_vaults_network_s,
          serial_ice_h, nicolae_vaults_display_case, serial_ice_g,
          vaults_room_semicircle, v_misc_25, grunt_vaults_hallway_long,
          v_misc_15, v_rooms_2, ontoclasm_vaults_chip, ontoclasm_vaults_hangar,
          layout_vaults_maze_snakey
Vaults:3: vaults_room_stairs_pillars, nicolae_vaults_network_barrier,
          minmay_crypt_entry_nasty_monster, v_misc_12,
          vaults_room_guarded_vault, v_misc_26, ontoclasm_vaults_fault,
          v_pattern_2, ontoclasm_vaults_chip, v_misc_11,
          nicolae_vaults_specimen_jars, nicolae_vaults_angled_halls,
          layout_vaults_big_room, portal_desolation_entry_salt, serial_shops,
          bzr_entry_lakeside
Vaults:4: ontoclasm_vaults_hangar, vaults_standard_mumra_lines,
          vaults_mumra_hexcomb, v_misc_15, v_misc_11, hangedman_vaults_capsules,
          nicolae_vaults_triangles, v_misc_12, ontoclasm_vaults_pinch,
          nicolae_vaults_little_squares_2, ontoclasm_vaults_idyll,
          grunt_vaults_hallway_short, vaults_room_mumra_shop_pool,
          layout_vaults_omnicross
Vaults:5: serial_shops, uniq_boris
Crypt:1:  layout_gridlike
Crypt:2:  layout_misc_corridors, st_stairs_1, uniq_saint_roka
Crypt:3:  church_of_pain_bobbens, layout_chaotic_city, lemuel_statue_altar,
          uniq_jory
Depths:1: layout_cave_shapes, serial_shops, shop, minmay_misc_feat_room,
          pf_hell_entry_tar_spiral, abyss_entry_crystal,
          chequers_serial_rivers_marsh, grunt_ministairs_8,
          grunt_absolute_annihilation, uniq_enchantress
Depths:2: wad_statue_garden, layout_basic, serial_corexii_hall,
          corexii_hall_statues_u, corexii_hall_statues_l,
          corexii_hall_statues_x, hell_entry, special_room [special_room_morgue]
Depths:3: hangedman_surveillance_ring, layout_honeycomb, enter_ziggurat_b,
          grunt_pan_entry_sceptre, hell_entry
Depths:4: kennysheep_big_flooded_room, layout_basic, abyss_entry_flame_altar,
          rand_demon_pan_entry_5, minmay_parallelograms, hell_entry,
          infiniplex_staircase_pool_2
Depths:5: grunt_zot_entry_gee_three, layout_cave_pools,
          hangedman_decor_riveting, grunt_metal_band
Zig:4

Skill      XL: |  1  2  3  4  5  6  7  8  9 10 11 12 13 14 15 16 17 18 19 20 21 22 23 24 25 26 27 |
---------------+----------------------------------------------------------------------------------+-----
Fighting       | 4 5 6 8 9 10 12 13 15 16 17 18 19 20 21 22 23 24 25 26 | 26.2
Dodging        | 2 3 4 5 6 7 8 10 11 12 13 14 15 16 17 18 | 18.5
Axes           | 5 6 7 8 10 11 13 15 16 17 18 19 20 21 | 21.6
Armour         | 3 4 5 7 8 9 11 12 14 15 16 17 18 19 20 21 22 | 22.7
Shields        | 4 7 10 | 10.4
Evocations     | 6 7 |  7.0
Long Blades    | 9 16 22 | 22.5

Action                   |  1- 3 |  4- 6 |  7- 9 | 10-12 | 13-15 | 16-18 | 19-21 | 22-24 | 25-27 || total
-------------------------+-------+-------+-------+-------+-------+-------+-------+-------+-------++-------
Melee: Hand axe          |   126 |   230 |    23 |       |       |       |       |       |       ||   379
       War axe           |       |       |   321 |   699 |   480 |       |       |       |       ||  1500
       Morningstar       |       |       |       |     8 |    12 |       |       |       |       ||    20
       Battleaxe         |       |       |       |       |   178 |   385 |   276 |       |   344 ||  1183
       Executioner's axe |       |       |       |       |   501 |   822 |   183 |       |       ||  1506
       Broad axe         |       |       |       |       |       |       |   691 |  1546 |  1155 ||  3392
       Great sword       |       |       |       |       |       |       |       |       |   410 ||   410
       Unarmed           |       |       |       |       |       |       |       |       |     4 ||     4
Throw: Stone             |       |       |       |       |       |       |       |     1 |       ||     1
Invok: Berserk           |     2 |     4 |     5 |    11 |    16 |    27 |    14 |     3 |     5 ||    87
       Trog's Hand       |       |       |       |     7 |     4 |    12 |     5 |     7 |     4 ||    39
       Brothers in Arms  |       |       |       |       |       |     1 |     1 |     3 |     2 ||     7
Evoke: Wand              |       |       |       |       |    12 |    29 |     3 |     7 |       ||    51
  Use: Scroll            |       |     9 |     1 |    11 |    12 |    12 |     6 |    17 |    27 ||    95
       Potion            |       |       |       |       |     1 |     8 |     2 |     1 |     4 ||    16
 Stab: Distracted        |       |       |       |       |       |     2 |     1 |     2 |     1 ||     6
       Sleeping          |       |       |       |       |       |       |       |    12 |       ||    12
  Eat: Chunk             |     2 |     8 |    14 |    29 |    27 |    40 |    32 |    35 |    50 ||   237
       Ration            |       |     1 |     2 |     1 |     7 |    15 |     8 |     6 |     5 ||    45
Armor: Chain mail        |    83 |   137 |   115 |       |       |       |       |       |       ||   335
       Animal skin       |     2 |       |       |       |       |       |       |       |       ||     2
       Ring mail         |       |       |    58 |   290 |   502 |   233 |       |       |       ||  1083
       Plate armour      |       |       |       |       |       |   381 |       |       |   963 ||  1344
       Acid dragon scale |       |       |       |       |       |    39 |   366 |   349 |     2 ||   756
Dodge: Dodged            |    50 |    74 |   163 |   501 |  1033 |   967 |   877 |   996 |  1513 ||  6174
Block: Buckler           |       |       |       |       |       |       |   153 |   342 |   301 ||   796
       Reflection        |       |       |       |       |       |       |    23 |    27 |    21 ||    71
       Rpst.: Great sword |       |       |       |       |       |       |       |       |    56 ||    56

Table legend:
 A = Non-vault XP
 B = Vault XP
 C = Vault XP percentage of total XP
 D = Non-vault monster count
 E = Vault monster count
 F = Vault count percentage of total count
                 A         B        C        D         E       F
            +---------+---------+-------+---------+---------+-------
      Total |  772065 |  700494 |  47.6 |    1583 |     868 |  35.4
            +---------+---------+-------+---------+---------+-------
        D:1 |      29 |       4 |  12.1 |      17 |       2 |  10.5
        D:2 |      65 |       0 |   0.0 |      22 |       0 |   0.0
        D:3 |      61 |      37 |  37.8 |      23 |       1 |   4.2
        D:4 |     198 |       0 |   0.0 |      19 |       0 |   0.0
        D:5 |     803 |       0 |   0.0 |      23 |       0 |   0.0
        D:6 |     300 |       0 |   0.0 |      10 |       0 |   0.0
        D:7 |     993 |    1547 |  60.9 |      24 |       4 |  14.3
        D:8 |    1398 |       0 |   0.0 |      14 |       0 |   0.0
        D:9 |    2795 |     415 |  12.9 |      33 |       1 |   2.9
       D:10 |    1001 |    2835 |  73.9 |      26 |       7 |  21.2
       D:11 |    3102 |     122 |   3.8 |      17 |      12 |  41.4
       D:12 |    4275 |       0 |   0.0 |      23 |       0 |   0.0
       D:13 |    9574 |     229 |   2.3 |      47 |       1 |   2.1
       D:14 |   10617 |    5482 |  34.1 |      30 |      10 |  25.0
       D:15 |   42033 |   10444 |  19.9 |      71 |      21 |  22.8
     Lair:1 |     917 |       0 |   0.0 |       4 |       0 |   0.0
     Lair:2 |    2605 |       0 |   0.0 |      14 |       0 |   0.0
     Lair:3 |    4303 |       0 |   0.0 |      21 |       0 |   0.0
     Lair:4 |    5102 |   13202 |  72.1 |      23 |      75 |  76.5
     Lair:5 |    8189 |     442 |   5.1 |      28 |       3 |   9.7
     Lair:6 |   13198 |   11230 |  46.0 |      42 |      25 |  37.3
   Shoals:1 |   12739 |    8140 |  39.0 |      27 |      12 |  30.8
   Shoals:2 |   24105 |    5709 |  19.1 |      44 |       6 |  12.0
   Shoals:3 |   11728 |       0 |   0.0 |      21 |       0 |   0.0
   Shoals:4 |   13323 |   24271 |  64.6 |      28 |      37 |  56.9
   Spider:1 |   12395 |   10086 |  44.9 |      41 |       9 |  18.0
   Spider:2 |   24471 |       0 |   0.0 |      71 |       0 |   0.0
   Spider:3 |   11825 |       0 |   0.0 |      31 |       0 |   0.0
   Spider:4 |   18331 |   21971 |  54.5 |      42 |      36 |  46.2
      Orc:1 |    1570 |     907 |  36.6 |      21 |       1 |   4.5
      Orc:2 |    2062 |    8627 |  80.7 |      25 |      40 |  61.5
      Elf:1 |   22101 |   27615 |  55.5 |      37 |      29 |  43.9
      Elf:2 |   17710 |   25109 |  58.6 |      30 |      30 |  50.0
      Elf:3 |   18188 |   40169 |  68.8 |      29 |      31 |  51.7
   Vaults:1 |   18738 |   31318 |  62.6 |      29 |      31 |  51.7
   Vaults:2 |   32596 |   27248 |  45.5 |      59 |      35 |  37.2
   Vaults:3 |   18666 |   23059 |  55.3 |      27 |      31 |  53.4
   Vaults:4 |   22009 |   35151 |  61.5 |      32 |      42 |  56.8
   Vaults:5 |   25013 |  124939 |  83.3 |      35 |      84 |  70.6
    Crypt:1 |   44163 |       0 |   0.0 |      64 |       0 |   0.0
    Crypt:2 |   30774 |   10023 |  24.6 |      36 |      13 |  26.5
    Crypt:3 |   36722 |   67790 |  64.9 |      55 |      75 |  57.7
   Depths:1 |   22269 |   36889 |  62.4 |      34 |      28 |  45.2
   Depths:2 |   26296 |   54913 |  67.6 |      34 |      35 |  50.7
   Depths:3 |   35503 |    8483 |  19.3 |      42 |      30 |  41.7
   Depths:4 |  106291 |   13825 |  11.5 |     102 |       9 |   8.1
   Depths:5 |   27685 |   26531 |  48.9 |      33 |      19 |  36.5
    Abyss:2 |    7784 |       0 |   0.0 |       9 |       0 |   0.0
      Zig:1 |     298 |       0 |   0.0 |       4 |       0 |   0.0
      Zig:2 |    2375 |       0 |   0.0 |       2 |       0 |   0.0
      Zig:3 |    7051 |       0 |   0.0 |       4 |       0 |   0.0
      Zig:4 |    5726 |     978 |  14.6 |       4 |       2 |  33.3
     WizLab |       0 |   20754 | 100.0 |       0 |      41 | 100.0
            +---------+---------+-------+---------+---------+-------
